cohdb
Replays
Latest Replays
All Replays
Popular Replays
Top Player Replays
Match Explorer
How It Works
Community
CoH3 Stats
Reddit
Sign in to upload your games and track your stats! →
Sign in with Steam
Match 42801529
Unlisted
Match 42801529
Overview
Messages
Build Orders
End
Construct Weapon Support Center
Selects Airborne Battlegroup
Selects Smoke Bombing Run
Selects Heavy Machine Gun Paradrop
Heavy Machine Gun Paradrop
Engineer Squad
M1919 Machine Gun Team
Bazooka Squad
Infantry Support Center
Mechanized Support Center
Selects Paratrooper Squad Paradrop
Paratrooper Squad Paradrop
Construct Motor Pool
M16 Multiple Gun Motor Carriage
Selects Supply Drop
M24 Chaffee Light Tank
Improvised Armor
Designate Forward Repair Station
Supply Drop
Paratrooper Squad Paradrop
Smoke Bombing Run
Construct Tank Depot
Smoke Bombing Run
Paratrooper Squad Paradrop
RinkyDinkis
Trigan
UH|ck
iceman
0
0
Comments
sign in to comment!
No comments posted yet!